Map: Port Aleksander LE

Players

Lambo - Winner!

  • Race: Zerg Zerg
  • League: Grandmaster
  • Spawn Location: 5:00

Shino

  • Race: Zerg Zerg
  • League: Grandmaster
  • Spawn Location: 11:00

VOD

Have the link to the VOD?

Description

Time

  • Played on: Feb. 9, 2019, 6:40 a.m.
  • Length: 10:07
Show
View Real Time Build Order
Export as new Build Order

Lambo Zerg - Winner!

Build Orders: Hatch First 

Get SALT Encoding   

  12  0:00  Drone  
  13  0:13  Overlord  
  13  0:17  Drone  
  14  0:31  Drone x2  
  16  0:49  Hatchery  
  15  0:52  Drone  
  16  0:57  Drone  
  16  1:00  Drone  
  18  1:11  Extractor  
  18  1:15  Spawning Pool  
  18  1:18  Drone  
  17  1:21  Drone  
  18  1:28  Drone  
  19  1:39  Drone  
  20  1:51  Drone  
  21  2:02  Queen x2, Overlord, Drone  
  26  2:12  Metabolic Boost  
  26  2:13  Drone  
  26  2:15  Drone  
  28  2:24  Zergling x4  
  30  2:33  Drone  
  30  2:34  Drone  
  32  2:45  Hatchery  
  32  2:46  Drone x2  
  33  2:51  Evolution Chamber  
  33  2:55  Drone  
  33  2:57  Overlord  
  33  3:00  Baneling Nest  
  33  3:08  Drone x2  
  33  3:11  Drone  
  36  3:16  Drone x2  
  36  3:17  Drone  
  36  3:18  Overlord  
  36  3:19  Zergling x2  
  40  3:21  Zergling x2  
  41  3:27  Queen  
  41  3:31  Zergling x2  
  44  3:39  Zergling x6  
  46  3:44  Baneling x4  
  46  3:47  Drone x4  
  50  3:50  Drone  
  50  3:55  Evolution Chamber  
  50  4:02  Drone x3  
  52  4:04  Drone x2  
  51  4:10  Zergling x4  
  51  4:11  Baneling  
  51  4:15  Extractor, Drone x2  
  51  4:16  Extractor  
  53  4:18  Drone x2  
  53  4:21  Queen  
  53  4:22  Zergling x2  
  53  4:23  Overlord  
  58  4:27  Overlord  
  58  4:31  Zergling x4  
  57  4:36  Zergling x2  
  57  4:43  Overlord  
  57  4:45  Zergling x8, Roach Warren  
  59  4:48  Zergling x4  
  59  4:52  Zergling x4  
  62  4:57  Baneling x2  
  62  4:59  Zerg Missile Weapons Level 1  
  60  5:02  Zergling x6  
  62  5:07  Drone x3  
  64  5:14  Lair, Drone  
  64  5:16  Overlord  
  64  5:20  Drone x2  
  67  5:24  Baneling x2  
  67  5:26  Drone x3  
  67  5:28  Drone  
  71  5:33  Drone x4  
  71  5:35  Zergling x2  
  75  5:41  Zergling x8  
  79  5:46  Zergling x4  
  80  5:52  Zergling x2  
  76  5:57  Extractor  
  76  5:58  Extractor x2  
  76  5:59  Drone x5  
  76  6:03  Drone  
  78  6:05  Pneumatized Carapace  
  78  6:07  Drone  
  78  6:09  Drone  
  80  6:15  Roach x2  
  82  6:18  Evolution Chamber  
  82  6:20  Baneling  
  82  6:21  Baneling  
  82  6:22  Roach  
  82  6:23  Glial Reconstitution  
  83  6:27  Roach x3  
  83  6:31  Baneling x2  
  83  6:32  Overlord  
  89  6:42  Overlord  
  89  6:43  Overseer  
  89  6:44  Overlord  
  89  6:48  Overlord, Zerg Ground Armor Level 1  
  89  6:49  Overlord  
  89  6:55  Zerg Missile Weapons Level 2, Drone  
  89  6:56  Drone x6  
  89  7:00  Roach x3  
  102  7:01  Hatchery  
  102  7:03  Baneling  
  101  7:10  Roach x5  
  101  7:15  Overlord  
  111  7:18  Baneling x4  
  111  7:19  Roach  
  111  7:20  Roach  
  115  7:23  Overlord  
  115  7:27  Roach x3  
  121  7:39  Baneling x4  
  121  7:41  Roach x6  
  133  7:45  Tunneling Claws  
  133  7:46  Burrow  
  133  7:49  Roach  
  133  7:50  Roach, Overlord  
  137  7:55  Roach x3  
  137  7:56  Ravager x2  
  144  8:08  Overlord  
  142  8:16  Roach x5  
  142  8:19  Overlord x2  
  151  8:22  Overlord  
  151  8:24  Overlord  
  151  8:25  Overlord  
  149  8:29  Overlord  
  149  8:30  Queen  
  149  8:31  Overlord  
  149  8:34  Overlord  
  149  8:36  Roach  
  149  8:38  Ravager x2  
  152  8:45  Roach x7  
  165  8:49  Roach x2  
  165  8:54  Roach x3  
  175  8:59  Roach x3  
  175  9:02  Roach x2  
  185  9:08  Roach x3  
  185  9:09  Roach  
  178  9:10  Roach x4, Drone  
  178  9:13  Ravager  
  178  9:14  Ravager x4  
  184  9:18  Roach  
  184  9:21  Roach x4  
  184  9:22  Ravager, Drone x2  
  184  9:23  Drone x2  
  191  9:31  Roach x4  
  199  9:40  Roach x4  
  199  9:47  Roach x3  
Show
View Real Time Build Order
Export as new Build Order

Shino Zerg 

Build Orders: Hatch First 

Get SALT Encoding   

  12  0:01  Drone  
  13  0:13  Overlord  
  13  0:18  Drone  
  14  0:31  Drone x2  
  16  0:49  Hatchery  
  15  0:52  Drone  
  15  0:56  Drone  
  17  0:59  Drone  
  18  1:10  Extractor  
  17  1:15  Spawning Pool  
  16  1:18  Drone  
  16  1:22  Drone  
  18  1:31  Drone  
  19  1:40  Overlord  
  19  1:50  Drone  
  20  2:01  Drone  
  21  2:02  Queen, Zergling x2  
  21  2:03  Queen  
  26  2:12  Metabolic Boost  
  27  2:15  Drone  
  27  2:17  Drone  
  28  2:24  Drone x2  
  30  2:34  Drone x2  
  32  2:45  Hatchery  
  32  2:47  Drone x2  
  33  2:54  Overlord  
  33  2:56  Zergling x2  
  33  3:07  Zergling x4  
  33  3:09  Baneling Nest  
  34  3:13  Zergling x8  
  34  3:14  Overlord  
  34  3:17  Drone  
  34  3:19  Drone  
  40  3:22  Drone  
  41  3:28  Drone  
  41  3:32  Drone  
  43  3:44  Drone x5  
  43  3:45  Drone  
  43  3:47  Overlord, Drone  
  50  3:53  Baneling  
  50  3:54  Baneling  
  50  3:55  Overlord  
  50  3:59  Zergling x4  
  52  4:03  Queen  
  52  4:04  Extractor  
  52  4:06  Evolution Chamber  
  51  4:16  Drone  
  53  4:17  Drone x7  
  53  4:18  Extractor  
  53  4:20  Drone x2  
  59  4:35  Drone x3  
  60  4:42  Lair  
  60  4:43  Drone  
  60  4:44  Drone x4  
  65  4:47  Drone x2  
  65  4:48  Overlord  
  65  4:51  Drone  
  65  4:52  Drone x3  
  70  4:58  Drone x2  
  70  5:09  Zergling x6  
  70  5:12  Zergling x6  
  74  5:14  Zerg Missile Weapons Level 1  
  74  5:18  Spine Crawler  
  74  5:19  Extractor, Zergling x6, Roach Warren  
  74  5:24  Zergling x2  
  74  5:25  Evolution Chamber  
  74  5:28  Zergling x4  
  74  5:29  Zergling x8  
  74  5:31  Baneling  
  74  5:32  Baneling  
  59  5:52  Zergling x10  
  59  5:53  Zergling x10  
  59  5:56  Evolution Chamber  
  63  5:59  Baneling x2  
  63  6:00  Zergling x6  
  63  6:01  Zergling x2  
  63  6:02  Glial Reconstitution  
  65  6:05  Queen  
  65  6:08  Drone x3  
  71  6:19  Drone x3  
  71  6:25  Drone x2  
  76  6:30  Baneling x4  
  76  6:34  Drone x3  
  76  6:35  Drone  
  79  6:42  Evolution Chamber, Drone x3  
  79  6:44  Drone x2  
  82  6:50  Overlord x3  
  82  6:51  Extractor  
  81  6:55  Overlord  
  81  7:03  Hatchery  
  81  7:06  Drone x2  
  82  7:08  Overlord, Pneumatized Carapace  
  82  7:09  Zerg Missile Weapons Level 2, Extractor, Overlord, Zerg Ground Armor Level 1  
  81  7:16  Roach x4  
  81  7:17  Roach  
  81  7:22  Roach x2  
  95  7:28  Roach x4  
  103  7:31  Roach  
  103  7:35  Roach x2  
  103  7:36  Roach  
  111  7:38  Roach  
  111  7:41  Roach x2  
  116  7:44  Overlord  
  116  7:45  Roach  
  118  7:53  Roach x4  
  118  7:54  Roach  
  128  8:01  Overlord x2  
  128  8:03  Overlord  
  109  8:18  Roach x6  
  109  8:19  Roach x2  
  123  8:27  Roach x3  
  123  8:28  Roach  
  131  8:34  Roach  
  131  8:35  Roach  
  130  8:41  Roach x3  
  130  8:46  Roach  
  132  8:51  Roach  
  134  8:56  Roach x2  
  134  9:00  Roach  
  129  9:11  Overseer  
  129  9:14  Roach x4  
  129  9:16  Roach  
  138  9:18  Roach  
  135  9:25  Ravager  
  135  9:26  Ravager x2  
  136  9:32  Ravager  
  136  9:34  Roach x2  
  141  9:43  Drone x4  
  141  9:44  Drone x2  
Tags
 
Add a new tag
Caveats
  • Supply blocks, unpowered buildings, or Contaminate may cause inaccurate times.
  • Supply counts are checked every 10 seconds.